 Dungeon Crawl Stone Soup version 0.31-a0-868-g674d60d6f7 (webtiles) character file.

Game seed: 8380157562211510161

21 bobo the Chopper (level 2, -1/29 HPs)
             Began as a Gnoll Chaos Knight on Oct 11, 2023.
             Was a Plaything of Xom.
             Killed by nerve-wracking pain
             ... invoked by Jessica
              (13 damage)
             ... on level 2 of the Dungeon.
             The game lasted 00:02:18 (497 turns).

bobo the Chopper (Gnoll Chaos Knight)                Turns: 497, Time: 00:02:19

Health: -1/29      AC:  5    Str: 11    XL:     2   Next: 87%
Magic:  2/2        EV: 12    Int: 11    God:    Xom [..*...]
Gold:   86         SH:  0    Dex: 11    Spells: 2/2 levels left

rFire   . . .        a - +0 hand axe (chaos)
rCold   . . .        (no shield)
rNeg    . . .        b - +2 leather armour
rPois   .            (no helmet)
rElec   .            (no cloak)
rCorr   .            (no gloves)
SInv    .            (no boots)
Will    .....        (no amulet)
Stlth   +            (no ring)
HPRegen 0.24/turn    (no ring)
MPRegen 0.08/turn

%: no passive effects
@: no status effects
A: fangs 1, strong nose, distributed training
a: Renounce Religion


You were on level 2 of the Dungeon.
You worshipped Xom.
You were a toy of Xom.
You visited 1 branch of the dungeon, and saw 2 of its levels.

You collected 86 gold pieces.

Inventory:

Hand Weapons
 a - a +0 hand axe of chaos (weapon)
 f - a +0 orcbow
Armour
 b - a +2 leather armour (worn)
Scrolls
 c - a scroll of butterflies
 d - 3 scrolls of identify
 e - 2 scrolls of vulnerability
Potions
 g - a potion of lignification


   Skills:
 + Level 6.5 Fighting
 + Level 0.5 Short Blades
 + Level 0.5 Long Blades
 + Level 6.5 Axes
 + Level 0.5 Maces & Flails
 + Level 0.5 Polearms
 + Level 0.5 Staves
 + Level 0.5 Ranged Weapons
 + Level 0.5 Throwing
 + Level 4.5 Armour
 + Level 2.5 Dodging
 + Level 0.5 Stealth
 + Level 0.5 Shields
 + Level 0.5 Unarmed Combat
 + Level 0.5 Spellcasting
 + Level 0.4 Conjurations
 + Level 0.4 Hexes
 + Level 0.4 Summonings
 + Level 0.4 Necromancy
 + Level 0.4 Translocations
 + Level 0.4 Transmutations
 + Level 0.4 Fire Magic
 + Level 0.4 Ice Magic
 + Level 0.4 Air Magic
 + Level 0.4 Earth Magic
 + Level 0.4 Poison Magic
 + Level 0.7 Invocations
 + Level 0.5 Evocations
 + Level 0.5 Shapeshifting


You had 2 spell levels left.
You didn't know any spells.
Your spell library contained the following spells:

 Spells                   Type           Power      Damage    Failure   Level
 Wereblood                Tmut           1%         N/A       50%         2
 Irradiate                Conj/Tmut      0%         3d11      100%        5


Dungeon Overview and Level Annotations

Branches:
Dungeon (2/15)

Altars:

Shops:
D:2 =

Annotations:
D:2 Jessica


Innate Abilities, Weirdness & Mutations

You have very sharp teeth.
Your uncanny sense of smell can sniff out nearby items.
Your experience applies equally to all skills.


Message History

There is a stone staircase leading up here.
Found Caghuac's Jewellery Emporium.
A goblin comes into view. It is wielding a +0 dagger.
The goblin shouts!
A hobgoblin comes into view.
As you read the scroll labelled TOSADD XAHA, it crumbles to dust.
It is a scroll of identify.
g - a potion of lignification The hobgoblin shouts!
As you read the scroll of identify, it crumbles to dust.
e - 2 scrolls of vulnerability The goblin misses you.
The hobgoblin misses you.
As you read the scroll labelled VEH ZEVOYFIASCH, it crumbles to dust.
Your body is wracked with pain!
The hobgoblin convulses!
The goblin convulses!
It was a scroll of torment.
The goblin hits you with a +0 dagger. The hobgoblin completely misses you.
You barely miss the hobgoblin.
The hobgoblin is moderately wounded.
You hit the goblin. You freeze the goblin. The goblin misses you.
The hobgoblin hits you but does no damage.
You hit the hobgoblin but do no damage.
The hobgoblin is moderately wounded.
You hit the goblin. You freeze the goblin.
You kill the goblin!
You barely miss the hobgoblin. Your bite misses the hobgoblin.
The hobgoblin is moderately wounded.
Jessica the Apprentice Sorceress comes into view.
She is wielding a +0 club.
The hobgoblin hits you.
Okay, then.
You hit the hobgoblin.
The hobgoblin is heavily wounded.
The hobgoblin hits you.
You hit the hobgoblin.
You kill the hobgoblin!
Jessica casts a spell.
Jessica blinks!
Jessica points at you and mumbles some strange words.
Pain shoots through your body!
You die...
Xom chuckles heartily!

.. ... ##..
### #... ...#
####..# #@#.#
......#.#..##
#..#.∩.#..
#..@#.#...#
#..#.#.#..#
#....)...#
#.###..#.†...#
#.......#...##
#####...#####
#...# #...#
#...#######


You could see Jessica.

Vanquished Creatures
  3 dart slugs (D:1)
  2 goblins
  3 hobgoblins
  4 ball pythons (D:1)
  A bat (D:1)
  2 rats (D:1)
15 creatures vanquished.

Notes
Turn   | Place    | Note
-------+----------+-------------------------------------------
     0 | D:1      | bobo the Gnoll Chaos Knight began the quest for the Orb.
     0 | D:1      | Reached XP level 1. HP: 23/23 MP: 1/1
   123 | D:1      | Reached XP level 2. HP: 29/29 MP: 2/2
   229 | D:1      | Found a faded altar of an unknown god.
   429 | D:1      | XOM: silly message
   483 | D:2      | Found Caghuac's Jewellery Emporium.
   492 | D:2      | Noticed Jessica
   497 | D:2      | Killed from afar by Jessica

Illustrated notes

Levels and vault maps discovered:
D:1:      scummos_arrival_hexagon, layout_rooms,
          shapermc_ecumenical_altar_mp_ritualfount
D:2:      layout_loops_cross, serial_shops, nicolae_shop_gaudy_bauble,
          nicolae_shop_rolling_square, due_unseen_surprise, uniq_jessica

Action                     || total
---------------------------++-------
  Melee: Hand axe          ||    31
         Bite              ||     1
    Use: Scroll            ||     3
 Armour: Leather armour    ||    14
  Dodge: Dodged            ||    28

Table legend: (Time is in decaauts)
 A = Elapsed time spent in this place.
 B = Non-inter-level travel time spent in this place.
 C = Inter-level travel time spent in this place.
 D = Time resting spent in this place.
 E = Time spent auto-exploring this place.
 F = Levels seen in this place.
 G = Mean time per level.
                   A        B        C        D        E       F      G
               +--------+--------+--------+--------+--------+-----+--------+
         Total |    495 |    476 |     19 |      0 |    357 |   2 |  247.5 |
       Dungeon |    495 |    476 |     19 |      0 |    357 |   2 |  247.5 |
               +--------+--------+--------+--------+--------+-----+--------+

Top non-repeatable levels by time:
     D:1: 443 daAuts
     D:2: 52 daAuts
